[Event "*** Titled Tuesday 3|2 Blitz"]
[Site "Chess.com"]
[Date "2017.03.07"]
[Round "6"]
[White "arna"]
[Black "CM_Perligero"]
[Result "0-1"]
[WhiteElo "2244"]
[BlackElo "2139"]
[TimeControl "180+2"]
[EndTime "14:25:31 PST"]
[Termination "CM_Perligero won by resignation"]

1. e4 e5 2. Nf3 Nc6 3. d4 exd4 4. Nxd4 Qf6 5. Nf3 h6 6. Nc3 Bb4 7. Bd2 Nge7 8. Be2 O-O 9. a3 Bxc3 10. Bxc3 Qg6 11.
Qd3 d5 12. exd5 Qxd3 13. Bxd3 Nxd5 14. Bd2 Re8+ 15. Kf1 Bg4 16. h3 Bxf3 17. gxf3 Nd4 18. Be4 Rad8 19. Rd1 Nf6 20. Bxb7 Nxc2 21. Kg2 Rb8 22.
Bc6 Re6 23. Ba4 Rxb2 24. Kg3 Nxa3 25. Bc3 Rbe2 26. Bb3 Re8 27. Rhe1 Nh5+ 28. Kg2 Nf4+ 29. Kg3 Rxe1 30. Bxe1 Ne2+ 31. Kg2 Nb5 32. Bc4 Nbd4 33.
Ra1 Nc2 34. Rd1 Nf4+ 35. Kf1 Nxe1 36. Rxe1 Rxe1+ 37. Kxe1 Nxh3 38. Kd2 Nxf2 39. Ke3 Nh3 40. f4 g5 41. f5 Kg7 42. Ke4 Kf6 43. Bf1 Nf2+ 44.
Kf3 Nd1 45. Bd3 Nc3 46. Kg4 a5 47. Kh5 a4 48. Kxh6 g4 49. Kh5 g3 0-1

[Event "*** Titled Tuesday 3|2 Blitz"]
[Site "Chess.com"]
[Date "2017.03.07"]
[Round "6"]
[White "coalescenet"]
[Black "Marreuh"]
[Result "0-1"]
[WhiteElo "2225"]
[BlackElo "2099"]
[TimeControl "180+2"]
[EndTime "14:25:34 PST"]
[Termination "Marreuh won by resignation"]

1. d4 d5 2. c4 e6 3. Nc3 c6 4. e4 dxe4 5. Nxe4 Bb4+ 6. Bd2 Qxd4 7. Bxb4 Qxe4+ 8. Be2 Na6 9. Ba3 c5 10. Nf3 Ne7 11. Qd6 Qc6 12. O-O-O Qxd6 13. Rxd6 Bd7 14.
Ne5 Bc6 15. Nxc6 Nxc6 16. Bf3 Rd8 17. Bxc6+ bxc6 18. Rhd1 Rxd6 19. Rxd6 Nb4 20. Bxb4 cxb4 21. Rxc6 Kd7 22. Ra6 Ra8 23. Kc2 Kc7 24. Kb3 Kb7 25. Rd6 Kc7 26. Ra6 Kb7 27. Ra5 Rd8 28. Rg5 g6 29. Kxb4 Rd2 30. Kc3 Rxf2 31. a4 f5 32. b4 e5 33. c5 e4 34. h4 e3 35. Kd3 f4 36. h5 Rd2+ 37. Kc3 Ra2 38. hxg6 hxg6 39. Rxg6 Rf2 40. b5 e2 41. Re6 Rxg2 42.
c6+ Kc8 43. a5 f3 44. b6 axb6 45. axb6 Rg8 46. Kd2 Rf8 47. Re3 f2 48. Ra3 e1=Q+ 49. Kc2 Qe2+ 0-1

[Event "*** Titled Tuesday 3|2 Blitz"]
[Site "Chess.com"]
[Date "2017.03.07"]
[Round "6"]
[White "jk13"]
[Black "vpantev"]
[Result "0-1"]
[WhiteElo "2492"]
[BlackElo "2469"]
[TimeControl "180+2"]
[EndTime "14:25:38 PST"]
[Termination "vpantev won by resignation"]

1. d4 f6 2. e4 e6 3. Nc3 b6 4. f4 Bb7 5. Nf3 Ne7 6. Bd3 g6 7. O-O Bg7 8. Bd2 O-O 9. Kh1 f5 10. e5 Nbc6 11. a3 a5 12. Bc4 a4 13.
Ba2 Nb8 14. Be1 Nd5 15. Nxd5 Bxd5 16. c4 Be4 17. d5 Bxf3 18. Qxf3 Na6 19. Rd1 Nc5 20.
dxe6 Nxe6 21. c5 Qe8 22. cxb6 cxb6 23. Bb4 Rf7 24. Rd6 Rb8 25. Qe3 b5 26. Qd2 Bf8 27.
Rd3 Kg7 28. Rd1 Bxb4 29. Qxb4 Re7 30. Rd6 Rb7 31. h3 h6 32. Bd5 Rb8 33. Bf3 g5 34. fxg5 hxg5 35. Qd2 Rd8 36. Bd5 Nf4 37. Bc6 Rxe5 38.
Rxd7+ Rxd7 39. Bxd7 Qe7 40. Qc3 Ne2 41. Qf3 Nf4 42. Qc3 Ne2 43. Qf3 Nf4 44. Bc8 Re1+ 45.
Rxe1 Qxe1+ 46. Kh2 Qe5 47. g3 Qxb2+ 48. Kh1 Qc1+ 49.
Kh2 Qxc8 50. gxf4 Qc2+ 51. Kh1 Qc1+ 52. Kg2 Qd2+ 53. Kg1 Qe1+ 54. Kh2 Qd2+ 55. Kh1 Qxf4 56. Qb7+ Kg6 57. Qc6+ Kh5 58. Qxb5 Kh4 59. Qd3 Qe4+ 60. Qxe4+ fxe4 61. Kg2 e3 0-1

[Event "*** Titled Tuesday 3|2 Blitz"]
[Site "Chess.com"]
[Date "2017.03.07"]
[Round "6"]
[White "Journey_to_GrandMaster_YT"]
[Black "AlexZambrano"]
[Result "0-1"]
[WhiteElo "2365"]
[BlackElo "2290"]
[TimeControl "180+2"]
[EndTime "14:25:49 PST"]
[Termination "AlexZambrano won by resignation"]

1. Nf3 Nf6 2. g3 g6 3. Bg2 Bg7 4.
O-O O-O 5. d4 c6 6. Nbd2 d5 7.
c4 Bf5 8. Qb3 Qb6 9. c5 Qxb3 10.
axb3 Ne4 11. e3 Nxd2 12. Bxd2 Nd7 13. Ra4 a6 14. Rb4 Rab8 15. Ra1 Bd3 16. Bh3 e6 17. Bf1 Bb5 18. Ne1 e5 19. dxe5 Bxe5 20. Bc3 Bxc3 21.
bxc3 Bxf1 22. Kxf1 Nxc5 23. c4 Rfd8 24. cxd5 Rxd5 25. Ke2 Rbd8 26. Rc1 R8d7 27. Kf3 Rf5+ 28. Ke2 Rfd5 29. Kf3 Nd3 30. Nxd3 Rxd3 31. Rc2 f5 32. h4 Kf7 33. Kf4 Kf6 34. g4 R3d5 35. g5+ Ke6 36. f3 Rb5 37. Rxb5 axb5 38. h5 Kf7 39. hxg6+ hxg6 40. e4 fxe4 41. fxe4 Ke6 42. Rh2 Rf7+ 43. Ke3 c5 44. Rh6 Rg7 45. Rh8 Rc7 46. Re8+ Kf7 47. Rd8 c4 48. bxc4 bxc4 49. Kd2 Ke6 50. Rd5 Rd7 51. Rxd7 Kxd7 52. Kc3 b5 53. Kd4 Ke6 54. Kc3 Ke5 0-1

[Event "*** Titled Tuesday 3|2 Blitz"]
[Site "Chess.com"]
[Date "2017.03.07"]
[Round "6"]
[White "spectralsoul"]
[Black "Anton_Demchenko"]
[Result "0-1"]
[WhiteElo "2619"]
[BlackElo "2617"]
[TimeControl "180+2"]
[EndTime "14:25:53 PST"]
[Termination "Anton_Demchenko won by resignation"]

1. Nf3 Nf6 2. c4 g6 3. g3 Bg7 4.
Bg2 O-O 5. O-O d6 6. Nc3 Nbd7 7.
d4 e5 8. h3 c6 9. e4 Re8 10.
Re1 exd4 11. Nxd4 a5 12. Be3 Nc5 13. Qc2 a4 14. Nde2 Qa5 15. Rad1 Nfd7 16. Bd4 Bf8 17. f4 Nb6 18. Nb1 Be6 19. Na3 f5 20. e5 dxe5 21. Bxe5 Nbd7 22. Bc3 Qc7 23. Nd4 Bf7 24. Kh1 Bg7 25.
Nf3 Bxc3 26. bxc3 Ne4 27. Kh2 Re7 28. Re3 h6 29. Rde1 Qd6 30. Qb2 Rae8 31. Nd4 Ndc5 32.
Nac2 Bxc4 33. Kg1 Nd3 34. Qa1 Nxe1 35. Qxe1 Nf6 36. Rxe7 Rxe7 37. Qb1 Bd5 38. Bf1 Ne4 39. c4 Bf7 40. Qe1 Qc5 41. Kh2 Bxc4 42. Bxc4+ Qxc4 43.
Qa5 Qf7 44. Qd8+ Re8 45. Qa5 Qxa2 46. g4 c5 47. Qb5 Qf7 48. Nf3 fxg4 49. Nfe1 Qxf4+ 50. Kh1 Rf8 51. hxg4 Qf1+ 52. Kh2 Qxb5 0-1

[Event "*** Titled Tuesday 3|2 Blitz"]
[Site "Chess.com"]
[Date "2017.03.07"]
[Round "6"]
[White "MatBobula"]
[Black "Rock700chess"]
[Result "1-0"]
[WhiteElo "2279"]
[BlackElo "2226"]
[TimeControl "180+2"]
[EndTime "14:25:59 PST"]
[Termination "MatBobula won on time"]

1. d4 Nf6 2. c4 g6 3. Nf3 Bg7 4. g3 O-O 5. Bg2 d6 6. O-O Nbd7 7. Nc3 c6 8. e4 e5 9. h3 a6 10. Re1 exd4 11. Nxd4 Ne5 12. b3 Re8 13.
Be3 c5 14. Nc2 Be6 15. f4 Nc6 16. Qd2 Nh5 17. Kh2 f5 18. Rad1 Qa5 19. Na4 Rad8 20.
Qxa5 Nxa5 21. e5 dxe5 22. Nxc5 Rxd1 23. Rxd1 exf4 24. gxf4 Bf7 25. Nxb7 Nxb7 26. Bxb7 Bh6 27. c5 Nxf4 28. c6 Bd5 29. Rxd5 Nxd5 30. Bxh6 Re2+ 31.
Kg3 Rxc2 32. Bf4 Nxf4 33. Kxf4 Kf7 34. b4 Ke7 35. a4 Kd6 36. b5 axb5 37. axb5 Rb2 38. Ba6 h6 39. h4 Rb4+ 40. Kg3 g5 41.
hxg5 hxg5 42. Kf3 Rb3+ 43. Ke2 Rb4 44. Kf3 Rb3+ 45. Ke2 Rb1 46. Kf3 Kc7 47. Kg3 Rb4 48. Kf3 g4+ 49. Kg3 Kb6 50. Kh4 Rb3 51. Bc8 Rf3 52.
Bd7 1-0

[Event "*** Titled Tuesday 3|2 Blitz"]
[Site "Chess.com"]
[Date "2017.03.07"]
[Round "6"]
[White "Abrito99"]
[Black "SergeiAza"]
[Result "1-0"]
[WhiteElo "2404"]
[BlackElo "2587"]
[TimeControl "180+2"]
[EndTime "14:26:08 PST"]
[Termination "Abrito99 won on time"]

1. e4 e5 2. Nf3 Nc6 3. Bc4 Bc5 4.
O-O d6 5. c3 Nf6 6. d3 a6 7.
Nbd2 O-O 8. h3 h6 9. Bb3 Be6 10. Re1 Ba7 11. Nf1 Re8 12. Ng3 d5 13. Qe2 Qd7 14.
Kh2 Rad8 15. Bc2 b5 16. Nh4 d4 17. Nhf5 Bc5 18. Qf3 Be7 19. Bd2 dxc3 20. bxc3 Kh8 21. Be3 Nh7 22. d4 exd4 23. cxd4 Bg5 24. d5 Ne5 25. Qe2 Bxf5 26. Nxf5 Nc4 27. Bd4 Bf6 28. Qd3 Be5+ 29. Kh1 Nf6 30. f4 Bxd4 31. Qxd4 c6 32. Nxh6 cxd5 33. e5 Ne4 34. Ng4 Qf5 35. Rad1 Ng3+ 36.
Kh2 Qxc2 37. Kxg3 b4 38. Rd3 Nb2 39. Rf3 Na4 40. Qxb4 Qc4 41. Qd2 d4 42. f5 Nc3 43.
f6 Qc6 44. Qg5 1-0

[Event "*** Titled Tuesday 3|2 Blitz"]
[Site "Chess.com"]
[Date "2017.03.07"]
[Round "6"]
[White "Generalas"]
[Black "Cecile_Haussernot"]
[Result "1/2-1/2"]
[WhiteElo "2177"]
[BlackElo "2273"]
[TimeControl "180+2"]
[EndTime "14:26:13 PST"]
[Termination "Game drawn by repetition"]

1. e4 c5 2. c3 e6 3. d4 d5 4.
exd5 exd5 5. Nf3 Nc6 6. Be3 Nf6 7. dxc5 Ne4 8. Nbd2 Nxc5 9. Nb3 Nxb3 10. axb3 Bg4 11. Ra4 Qd7 12. Bb5 Qf5 13. Rxa7 Rxa7 14. Bxa7 Qe4+ 15. Qe2 Bd6 16. Qxe4+ dxe4 17. Nd2 O-O 18.
Bb6 Bf4 19. Be3 Bxe3 20. fxe3 f5 21. h3 Bh5 22. O-O Ne5 23. Kh2 g5 24. Ra1 Rd8 25. Nc4 Nd3 26. Ra7 f4 27. Rxb7 f3 28. gxf3 exf3 29. Nd2 f2 30. Kg2 Be2 31. Bxd3 Rxd3 32. Nf1 Rd1 33. Kxf2 Bxf1 34. c4 Bxh3 35. Rb5 Rd2+ 36.
Kg3 g4 37. c5 Rg2+ 38. Kh4 Rxb2 39. b4 Kf7 40. c6 Rc2 41. Rb7+ Kg6 42. c7 Bg2 43.
Ra7 h5 44. b5 Bf3 45. Ra6+ Kf5 46. Rc6 Rh2+ 47. Kg3 Rg2+ 48. Kh4 Rh2+ 49. Kg3 Rg2+ 50. Kh4 Rh2+ 51. Kg3 Rg2+ 52. Kh4 Rh2+ 53. Kg3 Rg2+ 54. Kh4 Rh2+ 1/2-1/2

[Event "*** Titled Tuesday 3|2 Blitz"]
[Site "Chess.com"]
[Date "2017.03.07"]
[Round "6"]
[White "SCIM"]
[Black "Grootneus"]
[Result "1-0"]
[WhiteElo "2319"]
[BlackElo "2151"]
[TimeControl "180+2"]
[EndTime "14:26:25 PST"]
[Termination "SCIM won by resignation"]

1. d4 Nf6 2. c4 c5 3. d5 e6 4.
Nc3 exd5 5. cxd5 d6 6. Nf3 g6 7. g3 Bg7 8. Bg2 O-O 9. O-O Nbd7 10. Bf4 Qe7 11. Re1 Ng4 12. Nb5 Nde5 13. h3 Nxf3+ 14. exf3 Ne5 15. Bxe5 dxe5 16. d6 Qd8 17. Nc7 Rb8 18.
Rc1 b6 19. b3 Bb7 20. Nb5 Qd7 21. Qe2 a6 22. Nc3 Qxd6 23. Rcd1 Qe7 24. Nd5 Bxd5 25. Rxd5 Rfd8 26. f4 Rxd5 27. Bxd5 Qd7 28. Rd1 exf4 29.
Bc4 Qxh3 30. Qe7 Bd4 31. Qxf7+ Kh8 32. Rxd4 Qf5 33. Qxf5 gxf5 34. Rxf4 b5 35. Be6 Re8 36. Bxf5 Re2 37. a4 c4 38. axb5 axb5 39. bxc4 b4 40.
Kg2 b3 41. Rd4 Rc2 42. Rd8+ Kg7 43. Rb8 Rc3 44. Rb7+ Kf6 45. Bxh7 Kg5 46. Be4 Kf6 47. Bf3 Ke5 48. c5 Ke6 49. c6 Kd6 50. g4 Ke6 51. g5 Rc5 52. g6 Rg5+ 53. Kf1 Rxg6 54. Rxb3 Kd6 55. Rd3+ Kc7 56. Rd7+ Kc8 57. Rf7 Re6 58. Bg4 Kd8 59. Bxe6 Ke8 1-0

[Event "*** Titled Tuesday 3|2 Blitz"]
[Site "Chess.com"]
[Date "2017.03.07"]
[Round "6"]
[White "ChristopherYoo"]
[Black "P0ubelle"]
[Result "0-1"]
[WhiteElo "2143"]
[BlackElo "2050"]
[TimeControl "180+2"]
[EndTime "14:26:27 PST"]
[Termination "P0ubelle won on time"]

1. e4 e5 2. Nf3 Nc6 3. Bb5 a6 4. Ba4 Nf6 5. O-O Be7 6. Re1 b5 7.
Bb3 d6 8. c3 O-O 9. h3 Nb8 10.
d4 Nbd7 11. Nbd2 Bb7 12. Bc2 c5 13. d5 c4 14. Nf1 Qc7 15. Ng3 g6 16. Bh6 Rfb8 17.
Qc1 Nc5 18. Qd2 Bc8 19. Bg5 Ne8 20. Nh4 f6 21. Bh6 a5 22. f4 exf4 23. Ne2 f5 24. Qxf4 fxe4 25. Rf1 Bf6 26. Nd4 Nd3 27. Qxe4 Ne5 28.
Qf4 Qf7 29. Nhf3 Bg7 30. Qe3 Bxh6 31. Qxh6 Qg7 32. Qe3 Nxf3+ 33. Rxf3 Bd7 34. Raf1 Nc7 35. Ne6 Bxe6 36. dxe6 Rf8 37. Rxf8+ Rxf8 38. Rxf8+ Kxf8 39. Qb6 Qe7 40. Qxa5 Nxe6 41. Qxb5 Kf7 42. Qxc4 Kg7 43. Qe2 Qf6 44. Qf2 Qe5 45. Bd3 d5 46. Bf1 Kg8 47. g3 Ng5 48. Qf4 Qe7 49. Bg2 Qe1+ 50. Kh2 Ne4 51.
Qb8+ Kg7 52. Qe5+ Kh6 0-1

[Event "*** Titled Tuesday 3|2 Blitz"]
[Site "Chess.com"]
[Date "2017.03.07"]
[Round "6"]
[White "popov_m"]
[Black "Keranke"]
[Result "1-0"]
[WhiteElo "2424"]
[BlackElo "2707"]
[TimeControl "180+2"]
[EndTime "14:26:37 PST"]
[Termination "popov_m won by resignation"]

1. d4 g6 2. Bf4 Bg7 3. Nf3 d6 4.
e3 Nf6 5. Be2 O-O 6. O-O b6 7.
h3 c5 8. c3 Bb7 9. Nbd2 Nbd7 10.
a4 a6 11. Qb3 Ra7 12. Rac1 Qa8 13. Bd3 Bc6 14. Rfe1 Rb8 15. e4 b5 16. axb5 axb5 17.
Qc2 b4 18. cxb4 Rxb4 19. d5 Ba4 20. b3 Bb5 21. Nc4 Ra2 22. Qd1 Qa6 23. Bd2 Rxd2 24.
Nfxd2 Nh5 25. Qg4 Bh6 26. Ra1 Qc8 27. Ra7 Qd8 28. Bf1 Ndf6 29. Qf3 Kg7 30. Rea1 Bd7 31. g3 Qc8 32. Kh2 Qb8 33. Qc3 Qd8 34. Ra8 Qc7 35.
R1a7 Rb7 36. Rxb7 Qxb7 37. Qa5 Be8 38. Ra7 Qb8 39. Rxe7 Bd7 40. Qb6 Qa8 41. Qxd6 Qa2 42. e5 Bxd2 43. exf6+ Nxf6 44. Rxd7 Nxd7 45. Qxd7 Be1 46.
Qd6 Qxf2+ 47. Bg2 Bc3 48. Qf4 Qe1 49. Qf1 Qe7 50. d6 Qe6 51. Qf3 Bd4 52. h4 h5 53.
Qf1 Bf6 54. Bh3 Qd5 55. d7 g5 56. hxg5 Qxg5 57. Qd3 h4 58. gxh4 Qxh4 59. Qg3+ Qxg3+ 60.
Kxg3 Kf8 61. Nb6 Ke7 62. Nd5+ 1-0

[Event "*** Titled Tuesday 3|2 Blitz"]
[Site "Chess.com"]
[Date "2017.03.07"]
[Round "6"]
[White "Robin-Side"]
[Black "tjallkompall"]
[Result "0-1"]
[WhiteElo "2453"]
[BlackElo "2481"]
[TimeControl "180+2"]
[EndTime "14:26:37 PST"]
[Termination "tjallkompall won by checkmate"]

1. d4 Nf6 2. Nc3 d5 3. e4 Nxe4 4. Nxe4 dxe4 5. Bc4 g6 6. c3 Bg7 7. Qe2 c5 8. dxc5 Qa5 9. Bd2 Qxc5 10. Qxe4 O-O 11. Nf3 Bf5 12. Qe2 Nc6 13. Be3 Qa5 14.
O-O Bg4 15. h3 Bxf3 16. Qxf3 Ne5 17. Qe2 Nxc4 18. Qxc4 Rfd8 19. Rfd1 b5 20. Qb3 h6 21. Bc5 Bf6 22. Re1 Qc7 23. Be3 b4 24. cxb4 Kg7 25.
a3 a5 26. Rac1 Qb7 27. b5 a4 28. Qb4 Rd5 29. b6 Rd7 30. Rc2 Ra6 31. Rec1 Be5 32. Rc4 f6 33. R4c2 g5 34. Qc4 Bf4 35. Bxf4 gxf4 36. Qxf4 Rxb6 37. Qxa4 Rb5 38. Qf4 Rg5 39.
g3 Qb6 40. a4 Rd3 41. Kg2 Qb7+ 42. Kg1 Qb6 43. Kh2 Rd4 44. Qe3 Qb4 45. b3 Re4 46.
Qf3 Ree5 47. Rc3 Rgf5 48. Qg2 Re2 49. Rf3 Rd5 50. Rc4 Qb6 51. Rg4+ Kf8 52. Rgf4 Rd1 53. b4 Ree1 54. a5 Qc6 55. g4 Qc1 56. Kg3 Rg1 57. a6 Rxg2+ 58. Kxg2 Rg1+ 59. Kh2 Qf1 60. Rg3 Rh1# 0-1

[Event "*** Titled Tuesday 3|2 Blitz"]
[Site "Chess.com"]
[Date "2017.03.07"]
[Round "6"]
[White "capatl"]
[Black "AllStarShark"]
[Result "0-1"]
[WhiteElo "2322"]
[BlackElo "2275"]
[TimeControl "180+2"]
[EndTime "14:26:58 PST"]
[Termination "AllStarShark won by resignation"]

1. c4 e6 2. Nf3 d5 3. e3 Nf6 4. b3 Be7 5. Bb2 O-O 6. Nc3 c5 7. cxd5 exd5 8. d4 cxd4 9. Nxd4 Nc6 10. Be2 Nxd4 11. Qxd4 Be6 12. O-O b6 13. Rfd1 Bc5 14. Qh4 Ne4 15. Qxd8 Rfxd8 16. Na4 Be7 17. Rac1 Rac8 18.
Ba6 Rxc1 19. Rxc1 h5 20. Bd4 Bf6 21. Rc7 Bxd4 22. exd4 Rd7 23. Rc2 Rd8 24. Rc7 Rd7 25.
Rc8+ Kh7 26. Bd3 g6 27. Rc6 Nd6 28. Nc3 Nf5 29. Bxf5 Bxf5 30. f3 Be6 31. h4 Kg7 32.
Kf2 Kf6 33. Ke3 Ke7 34. Kf4 Rb7 35. Nd1 Kd7 36. Rc3 a5 37. Ke5 Ke7 38. Ne3 f6+ 39.
Kf4 Kd6 40. g4 Rg7 41. g5 Rf7 42. gxf6 Rxf6+ 43. Kg5 Rf8 44. f4 Bf5 45. Rc1 Be4 46. Rf1 Rc8 47. f5 gxf5 48. Nxf5+ Bxf5 49. Rxf5 Rc2 50. Rf6+ Kc7 51. Kxh5 Rxa2 52. Rf5 Kd6 53. Rf6+ Kc7 54.
Rf7+ Kc6 55. Rf6+ Kb5 56. Rd6 Rh2 57. Kg5 Rg2+ 58. Kf4 Rh2 59. Kg3 Rb2 60. Rxd5+ Kb4 61. Kg4 Rxb3 62. h5 Rb1 63. h6 Rg1+ 64. Kf4 Rh1 65.
Kg5 a4 66. Kg6 a3 67. Rd8 a2 68. Ra8 a1=Q 69. Rxa1 Rxa1 70. d5 Kc5 71. h7 Rh1 0-1

[Event "*** Titled Tuesday 3|2 Blitz"]
[Site "Chess.com"]
[Date "2017.03.07"]
[Round "6"]
[White "Rbrrt"]
[Black "SabinaFoisor"]
[Result "1-0"]
[WhiteElo "2100"]
[BlackElo "2159"]
[TimeControl "180+2"]
[EndTime "14:27:05 PST"]
[Termination "Rbrrt won by checkmate"]

1. e4 e5 2. Nf3 Nc6 3. d4 exd4 4.
Nxd4 Bc5 5. Nb3 Bb6 6. Nc3 d6 7. Qe2 Be6 8. Be3 Nf6 9. O-O-O Qe7 10. g3 O-O-O 11. Bxb6 axb6 12. Bg2 Rhe8 13. Qd2 Kb8 14.
f4 Bg4 15. Rde1 h6 16. Nd4 Nxd4 17. Qxd4 Qd7 18. h3 Bh5 19. Qb4 Bg6 20. Rd1 Nh5 21.
Rd3 Qc6 22. Re1 Qc5 23. Qa4 Qa5 24. Qb3 Qc5 25. Qa4 Qc6 26. Nb5 f5 27. Rc3 Qxc3 28. bxc3 Nxg3 29. Qa7+ Kc8 30. Qa8+ Kd7 31. Qxb7 Rc8 32.
Na7 fxe4 33. Qc6+ Kd8 34. Nxc8 Kxc8 35. c4 Kd8 36. a4 Bf5 37. a5 bxa5 38. c5 Bd7 39.
Qd5 dxc5 40. Qxc5 Re7 41. Qxa5 Ke8 42. Qxc7 e3 43. Qc3 Nf5 44. Qd3 Kf7 45. Be4 Kf6 46.
Bxf5 Bxf5 47. Qd4+ Kf7 48. Rxe3 Rd7 49. Qc3 g5 50.
Qb3+ Kg6 51. fxg5 hxg5 52. Rg3 Rc7 53. c4 Be6 54. Qb6 Rxc4+ 55. Kd2 Re4 56. Re3 Rxe3 57. Kxe3 Kf6 58. Kf3 Ke7 59. Kg3 Kf6 60. Qc5 Kg6 61. Qd6 Kf6 62. h4 gxh4+ 63. Kxh4 Kf5 64. Qd4 Bf7 65. Qc5+ Kf6 66. Kg4 Bg6 67. Kf4 Bf7 68. Qe5+ Kg6 69. Qg5+ Kh7 70. Ke5 Bg6 71. Kf6 Kh8 72.
Qh6+ Bh7 73. Qg7# 1-0

[Event "*** Titled Tuesday 3|2 Blitz"]
[Site "Chess.com"]
[Date "2017.03.07"]
[Round "6"]
[White "GMMarcinDziuba"]
[Black "olomi007"]
[Result "0-1"]
[WhiteElo "2457"]
[BlackElo "2495"]
[TimeControl "180+2"]
[EndTime "14:27:11 PST"]
[Termination "olomi007 won by resignation"]

1. d4 Nf6 2. c4 g6 3. Nc3 d5 4.
Bf4 Bg7 5. e3 O-O 6. Rc1 Be6 7.
c5 b6 8. b4 Nh5 9. Bg5 h6 10.
Bh4 a5 11. a3 axb4 12. axb4 Nc6 13. b5 Na5 14. c6 Qd6 15. Bd3 f5 16. Bg3 Nxg3 17.
hxg3 Bf7 18. Nf3 Nc4 19. O-O Ra3 20. Qe2 Rb3 21. Nxd5 Nb2 22. Bc2 Ra3 23. Bb1 Qxd5 24. Qxb2 Rb3 25. Qc2 Rxb5 26. Qe2 Rb4 27. Bd3 Qd6 28.
Rc2 Ra8 29. Rfc1 Ra3 30. Bc4 Bxc4 31. Rxc4 b5 32. Rc5 Rab3 33. Kh2 Bf6 34. Ne5 Kg7 35.
Nd3 Ra4 36. R5c2 h5 37. Nc5 Rab4 38. Nxb3 Rxb3 39. Kg1 h4 40. gxh4 Bxh4 41. g3 Bf6 42. Rb2 Ra3 43. Rxb5 e6 44. Rbc5 g5 45. R5c3 Ra4 46.
Rc4 Ra3 47. Qb2 f4 48. exf4 gxf4 49. Qe2 fxg3 50. Qg4+ Kf7 51. Qh5+ Kg7 52. Qg4+ Kf8 53. Rf1 Rd3 54. Kg2 Qd5+ 55. Kh3 Qxc4 56. fxg3 Ke7 57. Qf4 Qxd4 58. Qxc7+ Kf8 59. Qc8+ Kg7 60. Qb7+ Kg6 61.
c7 Be5 62. Qg2 Bxc7 63. Qc2 Bxg3 64. Rg1 Qh4+ 65. Kg2 Qh2+ 0-1

[Event "*** Titled Tuesday 3|2 Blitz"]
[Site "Chess.com"]
[Date "2017.03.07"]
[Round "6"]
[White "LuckyTiger"]
[Black "AdrianaNikolova"]
[Result "1-0"]
[WhiteElo "2501"]
[BlackElo "2330"]
[TimeControl "180+2"]
[EndTime "14:27:13 PST"]
[Termination "LuckyTiger won by resignation"]

1. e4 c5 2. c3 d5 3. exd5 Qxd5 4. d4 Nf6 5. Nf3 e6 6. Na3 cxd4 7. Nb5 Qd8 8. Qxd4 Bd7 9. Ne5 Nc6 10. Nd6+ Bxd6 11. Qxd6 Nxe5 12. Qxe5 O-O 13. Be2 Bc6 14. O-O Qd5 15.
Qxd5 Bxd5 16. Be3 b6 17. Rfd1 Rfd8 18. f3 h6 19. Kf2 Kf8 20. h4 Ke7 21. Ba6 Bc6 22.
c4 Rxd1 23. Rxd1 Rd8 24. Rxd8 Kxd8 25. Bd4 Ke7 26. b3 g6 27. a4 Nd7 28. Bb5 Bxb5 29. cxb5 e5 30. Be3 h5 31. g4 f5 32. gxh5 gxh5 33.
Ke2 Kd6 34. Kd3 Kd5 35. b4 e4+ 36. fxe4+ fxe4+ 37. Kc3 Ne5 38. Bf4 Nc4 39. Bb8 e3 40.
Kd3 Nb2+ 41. Kxe3 Kc4 42. Bxa7 Nxa4 43. Kf4 Kxb5 44. Kg5 Kxb4 45. Kxh5 b5 46. Kg6 Nc3 47. h5 Nd5 48. h6 Ne7+ 49. Kf7 Nc6 50. h7 Nxa7 51. h8=Q Nc6 52. Ke6 Na5 53. Kd5 Nc4 54.
Qf8+ Kb3 55. Kc5 b4 56. Qf3+ Ka2 57. Kxc4 Ka1 58. Qf2 b3 59. Kxb3 1-0

[Event "*** Titled Tuesday 3|2 Blitz"]
[Site "Chess.com"]
[Date "2017.03.07"]
[Round "6"]
[White "RoelandPruijssers"]
[Black "ZEN-22"]
[Result "1-0"]
[WhiteElo "2505"]
[BlackElo "2358"]
[TimeControl "180+2"]
[EndTime "14:27:30 PST"]
[Termination "RoelandPruijssers won by resignation"]

1. e4 c5 2. Nf3 Nf6 3. Nc3 d5 4.
exd5 Nxd5 5. Bb5+ Bd7 6. Bxd7+ Qxd7 7. O-O Nc6 8. Ne4 e6 9. b3 Be7 10. Bb2 Nf6 11. Qe2 Nxe4 12. Qxe4 O-O 13. Rfe1 Rfe8 14.
Rad1 b5 15. Qg4 Bf8 16. c4 bxc4 17. Qxc4 Nb4 18. Ne5 Qd5 19. a3 Qxc4 20. bxc4 Na6 21. Bc3 f6 22. Ng4 Kf7 23. g3 h5 24. Ne3 Red8 25. Rb1 Rab8 26. Rb5 Nc7 27. Rxb8 Rxb8 28.
Ng2 Rb3 29. Ra1 Bd6 30. Kf1 Na8 31. Ke2 Nb6 32. Kd3 Na4 33. Kc2 Rb7 34. f4 Bc7 35. Ne1 e5 36. f5 e4 37. Ng2 Be5 38. Bxe5 fxe5 39. Re1 Rb2+ 40. Kc1 Rb3 41. Rxe4 Kf6 42. Re3 Rb2 43. Nh4 Ra2 44. h3 Nb6 45. Rc3 Ra1+ 46. Kc2 Rh1 47. Ng2 Rxh3 48. Kb3 a5 49. Kc2 a4 50.
Kd1 Rh2 51. Ne3 Rh1+ 52. Ke2 Ra1 53. Rd3 Ke7 54. Kf3 Rg1 55. Ke4 Nd7 56. Kd5 Nf6+ 57. Kxc5 e4 58. Rc3 Nd7+ 59. Kd4 Nf6 60. c5 Kd7 61. c6+ Kc8 62. Nd5 Rh1 63. Nxf6 gxf6 64.
Kxe4 Rd1 65. d4 Rb1 66. Kd3 Rb3 67. Rxb3 axb3 68. Kc3 Kc7 69. d5 Kd6 70. Kxb3 Ke5 71. c7 Kxf5 72. c8=Q+ Kg5 73. Qe6 f5 74. Qe5 Kg4 75.
Qf4+ Kh3 76. Qh4+ Kg2 77. Qxh5 Kf2 78. Qxf5+ 1-0

[Event "*** Titled Tuesday 3|2 Blitz"]
[Site "Chess.com"]
[Date "2017.03.07"]
[Round "6"]
[White "oggy1984"]
[Black "KNVB"]
[Result "0-1"]
[WhiteElo "2349"]
[BlackElo "2478"]
[TimeControl "180+2"]
[EndTime "14:27:39 PST"]
[Termination "KNVB won on time"]

1. e4 c5 2. Nf3 e6 3. d4 cxd4 4.
Nxd4 Nc6 5. Nc3 Qc7 6. g3 a6 7. Bg2 Nf6 8. Nxc6 dxc6 9. O-O e5 10. h3 Be6 11. Be3 b5 12. Re1 Be7 13. a4 O-O 14. axb5 axb5 15. g4 h6 16. Qf3 Nd7 17. Qg3 Bg5 18.
Rxa8 Rxa8 19. Nd5 Qa5 20. b4 Qd8 21. Bxg5 hxg5 22. Rd1 Nb6 23. Nc3 Qc7 24. Qe3 f6 25.
Qc5 Rc8 26. Rd6 Nd7 27. Nxb5 Nxc5 28. Nxc7 Rxc7 29. bxc5 Kf7 30. Bf1 Ke7 31. Ba6 Bd7 32. Bc4 Ra7 33. Be2 Ra5 34. Rd2 Rxc5 35. c4 Be6 36.
Ra2 Kd6 37. Rd2+ Kc7 38. Ra2 Kb6 39. Rb2+ Kc7 40. Kg2 Ra5 41. c5 Rxc5 42. h4 gxh4 43. Rb4 Rc2 44. Bf3 g5 45. Ra4 Ra2 46. Rb4 c5 47.
Rb5 c4 48. Rc5+ Kd6 49. Rb5 Kc7 50. Bd1 Rd2 51. Ba4 Rd4 52. Rc5+ Kb6 53. Rc6+ Ka5 54. Bc2 Bxg4 55. Rxf6 Rd2 56. Bb1 c3 57. Rc6 Kb4 58. Rc7 Bd1 59. Rg7 g4 60. Re7 c2 61. Bxc2 Bf3+ 62. Kf1 Rxc2 63. Ke1 Rc4 64. Kd2 Rxe4 65. Rh7 h3 66. Kd3 Re2 0-1

[Event "*** Titled Tuesday 3|2 Blitz"]
[Site "Chess.com"]
[Date "2017.03.07"]
[Round "6"]
[White "GianmarcoVaR"]
[Black "daro94"]
[Result "1-0"]
[WhiteElo "2441"]
[BlackElo "2682"]
[TimeControl "180+2"]
[EndTime "14:27:41 PST"]
[Termination "GianmarcoVaR won by resignation"]

1. d4 Nf6 2. Nf3 g6 3. Bg5 Bg7 4.
Nbd2 O-O 5. c3 d6 6. e3 Nbd7 7. Be2 e5 8. dxe5 dxe5 9. O-O Qe8 10. e4 h6 11. Bh4 Nh5 12. Re1 Nf4 13. Bf1 g5 14. Bg3 Nf6 15. Nc4 Nh7 16. Ne3 Qe6 17.
Nd2 Qg6 18. Qc2 Be6 19. Nf5 Rfe8 20. Nc4 h5 21. f3 g4 22. fxg4 Qxg4 23. Nxg7 Qxg7 24.
Qf2 Bxc4 25. Bxc4 Nf6 26. Bxf4 Ng4 27. Qf3 exf4 28. Qxf4 Qf6 29. Qxf6 Nxf6 30. e5 Ng4 31. e6 fxe6 32. Bxe6+ Kg7 33. Bxg4 hxg4 34. Kf2 Kg6 35. Rxe8 Rxe8 36. Re1 Rd8 37. Kg3 Rd2 38. Re7 Rxb2 39.
Rxc7 a5 40. a4 Kf5 41. Rc5+ Ke4 42. Rxa5 Kd3 43. Rb5 Ra2 44. Rxb7 Kxc3 45. Kxg4 Rxg2+ 46. Kh3 Ra2 47. Ra7 Kd4 48. Kg3 Ke5 49. h3 Kf5 50. Ra5+ Kf6 51. h4 Ra1 52. h5 Kg7 53. Ra6 Kh7 54. Kf4 Rh1 55. h6 Ra1 56. Ke4 Rg1 57. Kd4 Rg4+ 58. Ke3 Rh4 59. Kf3 Rb4 60. Ke3 Rh4 61.
Kd3 Rf4 62. a5 Ra4 63. Kc3 Rg4 64. Rb6 Rg5 65. Kb4 Rg4+ 66. Kb5 Rg5+ 67. Ka6 Rc5 68. Rd6 Rc2 69. Kb7 Rb2+ 70. Rb6 Rd2 71. a6 Rd7+ 72. Kc6 Rd1 73. a7 Ra1 74. Kb7 1-0